 Dungeon Crawl Stone Soup version 0.27.1-3-gb3d3a73c9e (webtiles) character file.

Game seed: 12395123336579954465

53 Sirial the Ruffian (level 3, -8/33 HPs)
             Began as a Ghoul Monk on Oct 17, 2021.
             Was a Follower of Ru.
             Killed by divine providence
             ... invoked by an orc priest
              (11 damage)
             ... on level 3 of the Dungeon.
             The game lasted 00:07:23 (2055 turns).

Sirial the Ruffian (Ghoul Monk)                     Turns: 2055, Time: 00:07:23

Health: -8/33      AC:  2    Str: 14    XL:     3   Next: 89%
Magic:  2/2        EV: 12    Int:  5    God:    Ru [*.....]
Gold:   118        SH:  0    Dex: 12    Spells: 2/2 levels left

rFire    + . .     SeeInvis .     - Unarmed
rCold    + + .     Faith    .   (no shield)
rNeg     + + +     Spirit   .   a - +0 robe
rPois    ∞         Reflect  .   (no helmet)
rElec    .         Harm     .   c - scarf {rC+ rF+}
rCorr    .         Rampage  .   (no gloves)
Will     .....                  (no boots)
Stlth    ++........             (no amulet)
HPRegen  0.00/turn              (no ring)
MPRegen  0.08/turn              (no ring)

@: inhibited regen
A: claws 1, cold resistance 1, negative energy resistance 3, inhibited
regeneration, torment resistance 2, hated by all
a: Renounce Religion


You were on level 3 of the Dungeon.
You worshipped Ru.
Ru was aware of your devotion.
You visited 1 branch of the dungeon, and saw 3 of its levels.

You collected 118 gold pieces.

Inventory:

Armour
 a - a +0 robe (worn)
 c - a scarf of resistance (worn)
Potions
 d - a potion of lignification {unknown}
 e - a potion of curing


   Skills:
 + Level 3.8 Fighting
 + Level 3.1 Dodging
 + Level 2.6 Stealth
 + Level 4.1 Unarmed Combat


You had 2 spell levels left.
You didn't know any spells.
Your spell library contained the following spells:

 Spells                   Type           Power      Damage    Failure   Level
 Pain                     Necr           0%         1d4       47%         1
 Vampiric Draining        Necr           0%         2d6       85%         3
 Animate Skeleton         Necr           Unusable   N/A       N/A         1

Dungeon Overview and Level Annotations

Branches:
Dungeon (3/15)

Altars:
Ru


Innate Abilities, Weirdness & Mutations

You thrive by killing the living.
You are immune to poison.
You have sharp fingernails.
Your flesh is cold resistant. (rC+)
You are immune to negative energy. (rN+++)
You do not regenerate when monsters are visible.
You are immune to unholy pain and torment.
You are hated by all.


Message History

A worm comes into view.
The orc priest miscasts a cantrip.
The orc shouts! x2
You scratch the orc priest.
The orc priest is moderately wounded.
A giant cockroach comes into view.
You scratch the orc. You claw the orc.
You kill the orc!
You barely miss the orc priest.
The orc priest is moderately wounded.
The orc priest hits you with a +0 hand axe.
You scratch the orc priest but do no damage.
The orc priest is moderately wounded.
The orc priest begins to pray, but is stunned by your conviction!
You barely miss the orc priest.
The orc priest is moderately wounded.
You redirect the orc's attack!
The orc hits itself with a +0 short sword.
You redirect the orc priest's attack!
The orc priest hits you with a +0 hand axe.
You scratch the orc priest.
The orc priest is moderately wounded.
The orc hits you with a +0 short sword.
* * * LOW HITPOINT WARNING * * *
The orc hits you with a +0 hand axe.
* * * LOW HITPOINT WARNING * * *
Okay, then.
As you read the scroll of fog, it crumbles to dust.
The scroll dissolves into smoke.
The orc priest hits you with a +0 hand axe.
* * * LOW HITPOINT WARNING * * *
The orc barely misses you. The orc closely misses you.
The orc hits you but does no damage.
The orc priest calls upon Beogh to heal the orc.
The orc's wounds heal themselves!
The orc hits you with a +0 dagger.
* * * LOW HITPOINT WARNING * * *
Found an escape hatch in the floor.
The orc priest calls down the wrath of Beogh upon you.
Beogh smites you!
You die...

#.# ... #.# ... #.#
... ##.#
...#####..# #.
..##..## #. #.#..##
###.##.##.#.######
>......@.........#
###.####.##.#.....#
#...##oo#.####...
#.#..oB......# ##
#......o.....#
###..........#
#...§§......
#.§.w§§§...#.
#.§§§§§§§..#


You could see a worm, an orc priest, 2 orcs and a giant cockroach.

Vanquished Creatures
  2 adders
  A dart slug (D:2)
  An orc (D:3)
  3 endoplasms
  2 giant cockroaches (D:1)
  4 goblins
  6 hobgoblins (D:1)
  2 kobolds (D:2)
  2 quokkas
  4 bats (D:1)
  3 rats
30 creatures vanquished.

Notes
Turn   | Place    | Note
-------+----------+-------------------------------------------
     0 | D:1      | Sirial the Ghoul Monk began the quest for the Orb.
     0 | D:1      | Reached XP level 1. HP: 19/19 MP: 0/0
    92 | D:1      | Reached XP level 2. HP: 21/26 MP: 1/1
   946 | D:2      | Reached XP level 3. HP: 30/33 MP: 2/2
  1320 | D:2      | Reached skill level 4 in Unarmed Combat
  1559 | D:2      | Found a faded altar of an unknown god.
  1565 | D:2      | Became a worshipper of Ru the Awakened
  1566 | D:2      | Gained mutation: You are hated by all. [Ru sacrifice]
  1566 | D:2      | Reached * piety under Ru
  2055 | D:3      | Killed from afar by an orc priest

Illustrated notes

Levels and vault maps discovered:
D:1:      eino_arrival_cavern_b, layout_rooms
D:2:      layout_basic, dreamdust_ecumenical_altar_angels_and_demons,
          chequers_serial_rivers_large_a
D:3:      layout_rooms, st_stairs_10

Skill      XL: |  1  2  3 |
---------------+----------+-----
Dodging        | 3 |  3.1
Unarmed Combat | 4 |  4.1
Fighting       | |  3.8
Stealth        | |  2.6

Action                   || total
-------------------------++-------
Melee: Unarmed           ||    98
       Punch             ||     2
Invok: Sacrifice Love    ||     1
  Use: Potion            ||     5
       Scroll            ||     5
 Stab: Sleeping          ||     5
Armor: Robe              ||    20
Dodge: Dodged            ||    50
